 Dungeon Crawl Stone Soup version 0.23.2 (webtiles) character file.

Game seed: 14492207317929747912

28 Kairos the Skirmisher (level 3, -1/36 HPs)
             Began as a Formicid Abyssal Knight on Apr 10, 2019.
             Was a Follower of Lugonu.
             Slain by an iguana (3 damage)
             ... on level 2 of the Dungeon.
             The game lasted 00:01:59 (954 turns).

Kairos the Skirmisher (Formicid Abyssal Knight)      Turns: 954, Time: 00:02:00

Health: -1/36      AC:  5    Str: 17    XL:     3   Next: 27%
Magic:  4/4        EV:  7    Int: 15    God:    Lugonu [*.....]
Gold:   45         SH:  0    Dex: 10    Spells: 2/2 levels left

rFire    . . .     SeeInvis +   a - +1 spear
rCold    . . .     Gourm    .   (no shield)
rNeg     . . .     Faith    .   k - +1 chain mail
rPois    .         Spirit   .   (helmet unavailable)
rElec    .         Reflect  .   (no cloak)
rCorr    .         Harm     .   (no gloves)
MR       .....                  (no boots)
Stlth    ..........             (no amulet)
HPRegen  0.12/turn              e - +4 ring of intelligence
MPRegen  0.09/turn              (no ring)

@: lethally poisoned (-1 -> -3)
A: permanent stasis, dig shafts and tunnels, four strong arms, antennae 3,
deformed body, robust 2, screaming 1
a: Dig, Shaft Self, Depart the Abyss, Renounce Religion


You were on level 2 of the Dungeon.
You worshipped Lugonu.
Lugonu was aware of your devotion.
You were not hungry.

You visited 1 branch of the dungeon, and saw 2 of its levels.
You visited the Abyss 1 time.

You collected 45 gold pieces.

Inventory:

Hand Weapons
 a - a +1 spear (weapon)
Armour
 b - a +0 leather armour
 k - a +1 chain mail (worn)
Jewellery
 e - a +4 ring of intelligence (left hand)
Scrolls
 g - a scroll of identify
 h - 2 scrolls of remove curse
Potions
 i - a potion of resistance
Comestibles
 c - 3 rations


   Skills:
 + Level 3.9 Fighting
 + Level 2.5 Polearms
 + Level 2.5 Armour
 + Level 1.0 Dodging
 + Level 2.2 Invocations


You had 2 spell levels left.
You didn't know any spells.
Your spell library was empty.

Dungeon Overview and Level Annotations

Branches:
Dungeon (2/15)

Altars:


Innate Abilities, Weirdness & Mutations

You cannot be hasted, slowed, berserked, paralysed or teleported.
You can dig through walls and to a lower floor.
Your four strong arms can wield two-handed weapons with a shield.
You have a pair of large antennae on your head. (SInv)
Armour fits poorly on your strangely shaped body.
You are very robust. (+20% HP)
You occasionally shout uncontrollably at your foes.


Message History

You hit the iguana.
The iguana is lightly wounded.
The giant cockroach zombie barely misses you.
The iguana bites you.
* * * LOW HITPOINT WARNING * * *
You closely miss the iguana.
The iguana is lightly wounded.
You feel sick.
The giant cockroach zombie bites you but does no damage.
The iguana bites you.
* * * LOW HITPOINT WARNING * * *
You closely miss the iguana.
The iguana is lightly wounded.
The giant cockroach zombie bites you but does no damage.
The iguana bites you but does no damage.
You hit the iguana.
The iguana is moderately wounded.
The giant cockroach zombie closely misses you.
The iguana bites you.
You die...

.+.....P.PP...#
##.....P.P....#
......
#.#.##..P....# .....
#....###..#### ....
#...........# ...#
#....######.####...#
.....#
#......#...####
.PP....
#......#l.88...
.P...
#......@Z..P.P.
#............8.
#..........8...
#.........#....
........#### ...
.........# ##
..........#
...........


You could see an iguana and a giant cockroach zombie.

Vanquished Creatures
  An adder (D:2)
  An adder zombie (D:2)
  2 giant cockroaches (D:1)
  3 jackals (D:1)
  A bat (D:1)
  3 goblins (D:1)
  2 kobolds (D:1)
  2 rats
15 creatures vanquished.

Vanquished Creatures (others)
  8 starspawn tentacles (Abyss:1)
8 creatures vanquished.

Grand Total: 23 creatures vanquished

Notes
Turn   | Place    | Note
-------+----------+-------------------------------------------
     0 | Abyss:1  | Kairos the Formicid Abyssal Knight began the quest for the
                  | Orb.
     0 | Abyss:1  | Reached XP level 1. HP: 18/18 MP: 2/2
    72 | Abyss:1  | Noticed a hellion
    92 | Abyss:1  | Noticed a small abomination
   104 | Abyss:1  | Noticed a tentacled starspawn
   127 | Abyss:1  | Noticed an ettin skeleton
   129 | Abyss:1  | Noticed a thrashing horror
   133 | D:1      | Escaped the Abyss
   324 | D:1      | Reached XP level 2. HP: 21/24 MP: 3/3
   539 | D:1      | Reached skill level 1 in Dodging
   731 | D:1      | Reached * piety under Lugonu
   818 | D:1      | Gained mutation: You occasionally shout uncontrollably at
                  | your foes. [potion of mutation]
   818 | D:1      | Gained mutation: Armour fits poorly on your strangely
                  | shaped body. [potion of mutation]
   818 | D:1      | Gained mutation: You are robust. (+10% HP) [potion of
                  | mutation]
   818 | D:1      | Gained mutation: You are very robust. (+20% HP) [potion of
                  | mutation]
   940 | D:2      | Reached XP level 3. HP: 22/36 MP: 4/4
   954 | D:2      | Slain by an iguana

Skill      XL: |  1  2 |
---------------+-------+-----
Dodging        | 1 |  1.0
Fighting       | |  3.9
Polearms       | |  2.5
Armour         | |  2.5
Invocations    | |  2.2

Action                   || total
-------------------------++-------
Melee: Spear             ||    74
Invok: Depart the Abyss  ||     1
 Abil: Dig               ||     3
  Use: Scroll            ||     4
       Potion            ||     2
Armor: Leather armour    ||    12
       Chain mail        ||    25
Dodge: Dodged            ||    21
